AoeStats
← el mero mero

Arabian Desert

510344432Analyzed
1v1 RM · 1d ago on Sep 30, 2026· 70m 28s· 2 players
Game mode
Random Map
Map size
Tiny (2 player)
Population
200
Speed
Normal
Resources
Standard
Victory
Conquest
Starting age
Dark Age
Ending age
Imperial Age
RankedLock teamsTeams togetherTeam positionsShared explorationLock speedFull tech treeHidden civsTurbo modeCheats
Victory
Defeat
🇧🇷 Bulgarians · Brazil
1593
+14
🇩🇪 Franks · Germany
1547
-14
el mero mero
6:33 Loom
6:43 Loom
9:13 Feudal Age
10:18 Double-Bit Axe
14:51 Town Watch
21:30 Castle Age
20:08 Fletching
20:42 Padded Archer Armor
22:30 Bow Saw
23:12 Wheelbarrow
22:43 Bodkin Arrow
22:10 Elite Skirmisher
25:43 Scale Barding Armor
27:08 Husbandry
28:46 Devotion
29:24 Hand Cart
29:37 Gold Mining
30:16 Forging
36:59 Imperial Age
35:18 Light Cavalry
36:48 Ballistics
37:05 Cavalier
38:15 Conscription
39:39 Chain Barding Armor
41:25 Gold Shaft Mining
40:59 Murder Holes
42:20 Iron Casting
43:39 Plate Barding Armor
47:02 Scale Mail Armor
46:45 Pikeman
47:26 Squires
48:26 Chain Mail Armor
48:35 Halberdier
52:17 Plate Mail Armor
52:47 Blast Furnace
52:44 Chivalry
54:28 Chemistry
58:16 Paladin
62:05 Capped Ram
Maximus
7:02 Loom
9:10 Feudal Age
9:47 Double-Bit Axe
9:44 Horse Collar
16:24 Town Watch
19:59 Castle Age
17:52 Fletching
18:23 Padded Archer Armor
20:37 Bodkin Arrow
23:23 Wheelbarrow
23:45 Husbandry
23:56 Bloodlines
27:58 Scale Barding Armor
27:43 Pikeman
28:24 Squires
28:25 Scale Mail Armor
32:02 Hand Cart
32:23 Chain Barding Armor
37:19 Imperial Age
38:38 Plate Barding Armor
37:27 Cavalier
38:09 Halberdier
45:39 Chain Mail Armor
45:35 Forging
44:57 Light Cavalry
46:50 Hussar
55:00 Bow Saw
54:55 Heavy Plow
54:46 Gold Mining
58:29 Plate Mail Armor
67:05 Elite Konnik
67:50 Bagains
68:11 Conscription
67:54 Capped Ram
Connection lost

Rejoining the realm…

Still unreachable

The connection could not be restored.

Session expired

The server has moved on; the page needs a fresh start.